Map: New Repugnancy LE

Players

SandboX - Winner!

  • Race: Zerg Zerg
  • League: Gold
  • Spawn Location: 7:00

Throne

  • Race: Terran Terran
  • League: Gold
  • Spawn Location: 1:00

VOD

Have the link to the VOD?

Description

Time

  • Played on: Aug. 14, 2019, 10:10 p.m.
  • Length: 16:00
Show
View Real Time Build Order
Export as new Build Order

SandboX Zerg - Winner!

Build Orders: Hatch First, Roach Hydra 

Get SALT Encoding   

  12  0:01  Drone  
  13  0:12  Overlord  
  13  0:18  Drone  
  14  0:30  Drone x2  
  14  0:34  Drone  
  17  0:55  Hatchery  
  16  1:03  Drone  
  16  1:04  Drone  
  18  1:06  Extractor  
  17  1:23  Spawning Pool  
  16  1:30  Drone x3  
  19  1:44  Overlord  
  19  1:56  Drone  
  20  2:11  Zergling x2  
  20  2:12  Zergling x2, Queen x2  
  26  2:16  Metabolic Boost  
  26  2:22  Drone  
  27  2:23  Drone  
  27  2:29  Drone x2  
  30  2:54  Hatchery  
  29  3:01  Drone x4  
  33  3:05  Overlord  
  33  3:18  Drone x3  
  36  3:20  Overlord  
  36  3:26  Drone x2  
  36  3:27  Drone  
  39  3:30  Drone  
  39  3:31  Drone  
  41  3:35  Overlord  
  41  3:56  Drone  
  41  3:57  Drone x7  
  41  3:58  Roach Warren  
  41  4:00  Overlord  
  48  4:03  Overlord  
  48  4:09  Queen  
  54  4:24  Drone x7  
  57  4:38  Extractor  
  57  4:39  Extractor  
  55  4:53  Lair  
  55  4:59  Evolution Chamber  
  54  5:02  Evolution Chamber  
  54  5:05  Drone x9  
  54  5:06  Drone x5  
  67  5:27  Roach x7  
  81  5:29  Overlord x2  
  81  5:42  Extractor x2  
  80  5:46  Zerg Ground Armor Level 1, Zerg Missile Weapons Level 1  
  80  5:47  Extractor  
  78  5:50  Glial Reconstitution  
  78  5:56  Hydralisk Den  
  77  5:59  Roach x7  
  91  6:18  Overlord x5  
  91  6:19  Overlord  
  91  6:39  Roach x12  
  115  6:42  Overlord x2  
  115  6:43  Overlord x4  
  115  6:46  Muscular Augments  
  115  6:51  Overseer x2  
  115  6:57  Roach x4  
  123  7:09  Hydralisk x7  
  137  7:27  Hydralisk x6  
  149  7:30  Overlord  
  149  7:38  Drone x5  
  149  7:39  Drone  
  155  7:46  Zerg Missile Weapons Level 2  
  155  7:49  Zerg Ground Armor Level 2  
  155  7:54  Hydralisk  
  157  8:01  Grooved Spines  
  157  8:12  Hydralisk x3  
  163  8:15  Overlord  
  163  8:17  Roach  
  163  8:19  Hatchery  
  164  8:48  Hydralisk x5  
  164  8:49  Roach  
  164  8:50  Roach x9  
  194  9:02  Nydus Network  
  193  9:07  Infestation Pit  
  193  9:15  Roach x3  
  177  9:56  Roach x24  
  127  10:18  Roach x3  
  133  10:27  Overlord x2  
  133  10:28  Overlord  
  133  10:30  Hydralisk x3  
  139  10:48  Hive  
  139  10:51  Hydralisk x10  
  139  10:52  Hydralisk  
  160  11:08  Hydralisk x3  
  158  11:17  Roach x3  
  158  11:18  Roach x6  
  146  11:33  Roach x4  
  152  11:43  Roach x9  
  162  11:53  Roach  
  162  11:54  Roach x4  
  172  12:14  Hatchery  
  169  12:16  Roach x8  
  185  12:23  Roach  
  185  12:35  Hydralisk x7  
  199  12:44  Zerg Missile Weapons Level 3  
  199  12:49  Zerg Ground Armor Level 3  
  199  13:07  Drone  
  200  13:37  Ultralisk Cavern  
  199  13:57  Spine Crawler  
  199  13:58  Spine Crawler  
  199  13:59  Spine Crawler x2  
  192  14:03  Drone x6  
  192  14:04  Drone x3  
  187  14:18  Roach x7  
  197  14:39  Queen  
  197  14:41  Infestor  
  197  15:34  Hydralisk  
Show
View Real Time Build Order
Export as new Build Order

Throne Terran 

Build Orders:  

Get SALT Encoding   

  12  0:01  SCV  
  13  0:13  SCV  
  14  0:21  Supply Depot  
  14  0:26  SCV  
  16  0:42  SCV  
  16  0:45  Refinery  
  16  0:49  Barracks  
  16  0:55  SCV  
  17  1:07  SCV  
  18  1:19  SCV  
  19  1:27  Command Center  
  19  1:36  Marine  
  20  1:40  Supply Depot  
  20  1:41  SCV  
  20  1:46  Refinery  
  21  1:53  SCV  
  22  1:59  Marine  
  23  2:05  SCV  
  24  2:11  Barracks  
  24  2:17  SCV  
  25  2:24  Marine  
  25  2:25  Barracks  
  26  2:30  SCV  
  27  2:42  Marine  
  27  2:43  SCV  
  29  2:47  Orbital Command  
  29  2:55  SCV  
  30  3:01  Marine  
  30  3:02  Barracks  
  30  3:05  Marine  
  32  3:13  SCV  
  32  3:17  SCV  
  32  3:18  Refinery  
  32  3:19  Marine  
  35  3:22  Marine  
  36  3:27  Marine  
  36  3:33  Engineering Bay  
  37  3:37  Marine  
  37  3:40  Marine  
  39  3:42  SCV x2  
  39  3:45  Marine  
  42  3:50  Supply Depot  
  42  3:56  Marine  
  42  3:58  Marine  
  42  3:59  Supply Depot  
  42  4:01  Marine  
  45  4:04  Refinery, Terran Infantry Weapons Level 1  
  46  4:12  Marine  
  46  4:13  Orbital Command  
  46  4:18  SCV  
  46  4:23  Supply Depot  
  47  4:26  Supply Depot  
  47  4:27  Barracks Reactor  
  47  4:31  Barracks Reactor x2  
  47  4:34  Barracks Tech Lab  
  47  4:39  SCV x2  
  49  4:51  SCV  
  50  4:53  Engineering Bay  
  50  5:02  Factory, Marine  
  50  5:06  Stimpack  
  50  5:07  Marine x2  
  51  5:08  Marine x2  
  51  5:09  Marine x2  
  51  5:13  SCV  
  58  5:14  SCV  
  58  5:20  Marine  
  60  5:22  Terran Infantry Armor Level 1  
  60  5:25  SCV  
  61  5:28  Marine x2  
  61  5:29  Marine x4  
  67  5:37  Marine  
  67  5:39  SCV x2  
  70  5:47  Marine x3  
  70  5:48  Marine x3  
  76  5:50  Factory Tech Lab  
  76  5:51  SCV x2  
  78  6:06  Command Center  
  78  6:12  Armory  
  78  6:36  Supply Depot  
  78  6:58  SCV, Marine x7, Terran Infantry Weapons Level 2, Supply Depot  
  78  7:00  Supply Depot  
  86  7:06  Combat Shield  
  86  7:18  SCV, Marine x7  
  86  7:21  Supply Depot  
  86  7:22  Orbital Command  
  94  7:23  Supply Depot  
  94  7:27  Terran Infantry Armor Level 2  
  94  7:35  Marine x7  
  101  7:51  Barracks  
  101  7:53  Marine x7  
  108  8:01  Barracks  
  108  8:03  SCV x3  
  111  8:10  Refinery  
  111  8:11  Marine  
  112  8:13  Terran Vehicle Weapons Level 1  
  112  8:15  SCV x3, Supply Depot  
  112  8:16  Supply Depot  
  116  8:27  SCV x3  
  116  8:31  Marine x4  
  116  8:32  Marine x3  
  125  8:36  Refinery  
  125  8:38  Barracks Reactor  
  125  8:39  SCV x3, Supply Depot  
  128  8:43  Supply Depot  
  128  8:49  Marine x2, Barracks Tech Lab  
  128  8:51  SCV x3  
  128  8:53  Barracks Reactor  
  133  9:02  Supply Depot  
  133  9:03  SCV  
  134  9:14  Factory  
  134  9:16  Factory  
  134  9:24  Supply Depot  
  134  9:28  Supply Depot  
  134  9:31  Marine x5  
  135  9:32  Marine x6  
  145  9:48  Supply Depot  
  145  9:49  Marine x6  
  145  9:50  Marine x4  
  145  9:51  Supply Depot  
  146  9:58  Factory  
  122  10:03  Factory  
  122  10:05  Marine  
  122  10:06  Marine  
  122  10:07  Marine x6  
  110  10:08  Marine x3  
  119  10:23  Marine  
  119  10:24  Marine x3  
  119  10:25  Marine x6  
  119  10:26  Marine  
  130  10:39  Command Center  
  130  10:41  Marine  
  130  10:42  Marine x4  
  133  10:43  Marine x6  
  133  10:44  Factory  
  133  10:48  Factory, Command Center  
  141  10:59  Marine  
  141  11:00  Marine x5  
  141  11:01  Marine x5  
  117  11:15  Terran Infantry Weapons Level 3  
  117  11:16  Terran Infantry Armor Level 3, Marine  
  117  11:18  Marine x5  
  90  11:27  Marine x3  
  90  11:28  Marine x2  
  95  11:34  Marine  
  95  11:35  Marine  
  95  11:36  Marine x4  
  97  11:45  Marine x4  
  97  11:46  Marine  
  76  11:52  Marine  
  76  11:53  Refinery, Marine x2  
  76  11:54  Marine x2  
  70  12:03  Marine x3  
  73  12:11  Marine x2  
  61  12:18  Refinery  
  61  12:21  Marine  
  61  12:22  Hellion x6  
  75  12:23  Hellion  
  70  12:31  Terran Vehicle Weapons Level 2  
  64  12:43  Hellion x4  
  63  13:06  Hellion x7  
  62  13:15  Hellion x2  
  62  13:16  Hellion x5  
  66  13:37  Hellion x2  
  74  13:41  Hellion x3  
Tags
 
Add a new tag
Caveats
  • Supply blocks, unpowered buildings, or Contaminate may cause inaccurate times.
  • Supply counts are checked every 10 seconds.